 Dungeon Crawl Stone Soup version 0.19.1-1-g22dce08 (webtiles) character file.

14079 M4edhros the Severer (level 11, 0/160 HPs)
             Began as a Minotaur Berserker on Dec 31, 2016.
             Was a High Priest of Trog.
             Killed by divine providence
             ... invoked by an orc priest
              (12 damage)
             ... on level 2 of the Orcish Mines.
             The game lasted 00:08:37 (8507 turns).

M4edhros the Severer (Minotaur Berserker)           Turns: 8507, Time: 00:08:37

Health: 0/160      AC: 21    Str: 27    XL:     11   Next: 84%
Magic:  2/2        EV: 11    Int:  2    God:    Trog [*****.]
Gold:   225        SH:  0    Dex: 13    Spells: 0 memorised, 10 levels left

rFire  + . .     SeeInvis +     U - +4 battleaxe (antimagic)
rCold  . . .     Gourm    .     O - +0 plate armour
rNeg   + . .     Faith    .     (shield currently unavailable)
rPois  .         Spirit   .     (helmet restricted)
rElec  .         Reflect  .     r - +0 cloak
rCorr  .         Harm     .     G - +2 pair of gloves of Bedevilment {rN+ Int-2 Slay+2}
MR     +....                    (no boots)
Stlth  ..........               (no amulet)
                                d - +2 ring of evasion
                                f - ring of protection from magic

@: berserking, very quick
A: retaliatory headbutt, horns 2, rugged brown scales 1, see invisible,
deterioration 1, fire resistance 1, low mp 1, subdued magic 1
a: Berserk, Trog's Hand, Brothers in Arms, Burn Spellbooks, Renounce Religion


You were on level 2 of the Orcish Mines.
You worshipped Trog.
Trog was extremely pleased with you.
You were near starving.

You visited 2 branches of the dungeon, and saw 12 of its levels.

You collected 804 gold pieces.
You spent 579 gold pieces at shops.

Inventory:

Hand Weapons
 y - a +0 war axe
 P - a +0 fustibalus
 U - a +4 antimagic battleaxe (weapon)
Missiles
 z - 7 tomahawks (quivered)
Armour
 r - a +0 cloak (worn)
 G - the +2 pair of gloves of Bedevilment (worn) {rN+ Int-2 Slay+2}
   (You found it on level 4 of the Dungeon)

   It affects your intelligence (-2).
   It affects your accuracy and damage with ranged weapons and melee attacks
   (+2).
   It protects you from negative energy.
 K - a +0 troll leather armour
 O - a +0 plate armour (worn)
Jewellery
 c - an uncursed ring of poison resistance
 d - a +2 ring of evasion (right hand)
 f - a ring of protection from magic (left hand)
 o - an uncursed ring of ice {unknown}
 D - an uncursed amulet of magic regeneration {unknown}
 F - an uncursed amulet of guardian spirit {unknown}
 N - an uncursed amulet of magic regeneration {unknown}
 T - an uncursed ring of poison resistance
Wands
 a - a wand of flame (23/48)
 E - a wand of slowing (26/48)
 Q - a wand of confusion (31/48)
 R - a wand of confusion (29/48)
 S - a wand of iceblast (2/15)
 V - a wand of lightning (3/15)
 Z - a wand of acid (4/15)
Scrolls
 b - 2 scrolls of fog {unknown}
 e - 5 scrolls of teleportation
 i - 3 scrolls of identify
 j - 3 scrolls of immolation
 k - 2 scrolls of recharging {unknown}
 t - 2 scrolls of enchant armour {unknown}
 H - 3 scrolls of fear {unknown}
 J - a scroll of magic mapping
 M - 5 scrolls of remove curse
 W - a scroll of noise
Potions
 g - 2 potions of heal wounds
 h - 3 potions of lignification
 l - 2 potions of resistance {unknown}
 m - 4 potions of cure mutation {unknown}
 n - 3 potions of ambrosia {unknown}
 p - 7 potions of curing
 q - 2 potions of degeneration {unknown}
 u - 5 potions of flight {unknown}
 v - 2 potions of cancellation {unknown}
 w - 3 potions of agility {unknown}
 B - a potion of berserk rage {unknown}
 C - 2 potions of haste
 I - 2 potions of might
Books
 Y - the Almanac of the Four Ships
   (You found it on level 10 of the Dungeon)

   Spells                             Type                      Level
   a - Flame Tongue                   Conjuration/Fire             1
   b - Searing Ray                    Conjuration                  2
   c - Bolt of Draining               Conjuration/Necromancy       5
   d - Freezing Cloud                 Conjuration/Ice/Air          6
   e - Conjure Ball Lightning         Conjuration/Air              6
   Trog disapproves of the use of such an item.
Comestibles
 s - 9 bread rations
 x - 4 meat rations
 A - 6 fruits
 L - 8 beef jerkies
 X - a chunk of flesh


   Skills:
 + Level 11.7 Fighting
 * Level 15.8 Axes
 + Level 11.6 Armour
 - Level 2.1 Dodging


You had 10 spell levels left.
You didn't know any spells.

Dungeon Overview and Level Annotations

Branches:
Dungeon (10/15)            Temple (0/1) D:7             Orc (2/2) D:10
    Elf (0/3) Orc:2
   Lair: D:8-11

Altars:
Cheibriados
Elyvilon
Gozag
Hepliaklqana
Kikubaaqudgha
Makhleb
Qazlal
Ru
Uskayaw
Beogh

Shops:
D:4 !   D:5 }   D:7 *   D:9 *(*   Orc:1 :


Innate Abilities, Weirdness & Mutations

You reflexively headbutt those who attack you in melee.
You have a pair of horns on your head.
You are partially covered in rugged brown scales. (AC +1, +3% HP)
You have supernaturally acute eyesight. (SInv)
Your body sometimes deteriorates upon taking damage.
Your flesh is heat resistant. (rF+)
Your magical capacity is low. (-10% MP)
Your spells are a little easier to cast, but a little less powerful.


Message History

Beogh smites you!
* * * LOW HITPOINT WARNING * * *
The orc closely misses you.
You hit the orc warlord. Your headbutt misses the orc warlord.
The orc warlord is almost dead.
The orc warlord hits you with a dire flail.
* * * LOW HITPOINT WARNING * * *
Unknown command.
You slice the orc warlord!!
You kill the orc warlord!
Trog accepts your kill.
You feel your strength returning. The orc closely misses you.
Unknown command.
You slice the orc priest!!
You kill the orc priest!
Trog accepts your kill.
The orc priest calls down the wrath of Beogh upon you.
Beogh smites you!
You die...

,,,*,,,,,,,,,*,,,,,,,,,,,,***
,,,*,.......#.,**********,,,**
,,,#..........#**,,,*,,,***,,**
,,##..........# *,,,*,,,****,,*
,##..........####,,,*,,,**∩*,,*
+#..#........#.8##+###+#*8,**,*
...#.......8.'..........,,,,*,*
.............)†)))o.8...,,,_*,*
...........8()(.@)..ooo.,,,,*,*
,**#.........#.8##o###'#*8,**,*
**#...##.....####o,.#,,,**∩*,,*
##$**#...#..# *,,,#,,,****,,*
#** ##.....##*,,,*,,,***,,**
##.....#######***,,,**
#...).........,,,,**** *
##...).######***,,,*,*** **
#....)##.## **,*,,,,**


You could see an orc priest, an orc wizard and 3 orcs.

Vanquished Creatures
  An orc warlord (Orc:2)
  An ettin (Orc:2)
  The ghost of RedPan the Carver, a novice DsGl of Okawaru (D:7)
  2 hill giants (D:10)
  Pikel (D:8)
  An orc sorcerer (Orc:1)
  2 orc knights
  2 trolls (D:10)
  A two-headed ogre (D:9)
  2 hippogriffs
  Sigmund (D:2)
  A wyvern (D:10)
  6 yaks
  Eustachio (D:6)
  Edmund (D:6)
  Menkaure (D:5)
  A warg (Orc:1)
  Duvessa (D:6)
  9 orc warriors
  A slave (D:8)
  2 ice beasts
  4 sky beasts
  6 ogres
  3 black bears
  A necrophage (D:8)
  4 centaurs
  6 bullfrogs
  Dowan (D:6)
  A wyvern skeleton (D:9)
  5 scorpions
  18 killer bees
  4 howler monkeys (D:9)
  2 crimson imps
  2 bullfrog zombies
  2 bullfrog skeletons (D:10)
  2 centaur skeletons
  6 hounds
  5 orc priests
  2 jellies
  Crazy Yiuf (D:2)
  7 iguanas
  19 orc wizards
  9 worker ants
  Natasha (thrice) (D:2)
  3 hound skeletons
  10 adders
  2 adder zombies
  3 adder skeletons
  2 worms
  3 dart slugs
  3 leopard geckos
  49 orcs
  5 bats
  7 giant cockroaches
  4 goblins
  8 hobgoblins
  11 jackals
  10 quokkas
  A ball python (D:1)
  6 frilled lizards
  7 kobolds
  A quokka skeleton (D:4)
  4 rats
  2 plants (D:4)
293 creatures vanquished.

Vanquished Creatures (others)
  A bullfrog (D:8)
  A quokka (D:5)
  A plant (D:4)
3 creatures vanquished.

Grand Total: 296 creatures vanquished

Notes
Turn   | Place    | Note
-------+----------+-------------------------------------------
     0 | D:1      | M4edhros the Minotaur Berserker began the quest for the Orb.
     0 | D:1      | Reached XP level 1. HP: 19/19 MP: 0/0
   278 | D:1      | Reached XP level 2. HP: 17/27 MP: 1/1
   644 | D:1      | Reached skill level 4 in Axes
   991 | D:2      | Found an opulent altar of Gozag.
  1047 | D:2      | Noticed Sigmund
  1057 | D:2      | Killed Sigmund
  1057 | D:2      | Reached skill level 5 in Axes
  1057 | D:2      | Reached XP level 3. HP: 10/35 MP: 2/2
  1057 | D:2      | Reached XP level 4. HP: 12/41 MP: 3/3
  1057 | D:2      | Reached XP level 5. HP: 14/47 MP: 4/4
  1399 | D:2      | Found a runed door.
  1438 | D:2      | Noticed Natasha
  1449 | D:2      | Killed Natasha
  1449 | D:2      | Reached ** piety under Trog
  1449 | D:2      | Reached skill level 5 in Fighting
  1545 | D:2      | Noticed Crazy Yiuf
  1549 | D:2      | Killed Crazy Yiuf
  1549 | D:2      | Reached skill level 6 in Axes
  1745 | D:2      | Noticed Natasha
  1751 | D:2      | Killed Natasha
  1753 | D:2      | Reached XP level 6. HP: 38/56 MP: 5/5
  1764 | D:2      | Noticed Natasha
  1772 | D:2      | Killed Natasha
  2114 | D:3      | Noticed a sky beast
  2133 | D:3      | Killed a sky beast
  2162 | D:3      | Reached skill level 7 in Axes
  2538 | D:3      | Reached XP level 7. HP: 62/62 MP: 6/6
  2697 | D:3      | Reached *** piety under Trog
  2768 | D:4      | Found a snail-covered altar of Cheibriados.
  2773 | D:4      | Reached skill level 5 in Armour
  2860 | D:4      | Found Jophuq's Distillery.
  2925 | D:4      | Found a stormy altar of Qazlal.
  2933 | D:4      | Reached skill level 8 in Axes
  2963 | D:4      | Got a pair of ichor-stained gloves
  2969 | D:4      | Identified the +2 pair of gloves of Bedevilment {rN+ Int-2 Slay+2} (You found it on level 4 of the Dungeon)
  3052 | D:4      | Bought a potion of might for 44 gold pieces
  3052 | D:4      | Bought a potion of mutation for 27 gold pieces
  3052 | D:4      | Bought a potion of heal wounds for 55 gold pieces
  3052 | D:4      | Gained mutation: Your spells are a little easier to cast, but a little less powerful. [potion of mutation]
  3052 | D:4      | Gained mutation: You have supernaturally acute eyesight. (SInv) [potion of mutation]
  3052 | D:4      | Gained mutation: You are partially covered in rugged brown scales. (AC +1, +3% HP) [potion of mutation]
  3443 | D:5      | Entered Level 5 of the Dungeon
  3854 | D:5      | Found a white marble altar of Elyvilon.
  3900 | D:5      | Found Xisi's Gadget Emporium.
  3936 | D:5      | Reached XP level 8. HP: 65/73 MP: 7/7
  4023 | D:5      | Noticed Menkaure
  4029 | D:5      | Killed Menkaure
  4029 | D:5      | Reached skill level 9 in Axes
  4362 | D:6      | Noticed Eustachio
  4377 | D:6      | Killed Eustachio
  4600 | D:6      | Reached skill level 10 in Axes
  4776 | D:6      | Noticed Dowan
  4778 | D:6      | Noticed Duvessa
  4784 | D:6      | Killed Duvessa
  4786 | D:6      | Killed Dowan
  4803 | D:6      | Reached **** piety under Trog
  4890 | D:6      | Gained mutation: Your body sometimes deteriorates upon taking damage. [potion of mutation]
  4890 | D:6      | Gained mutation: Your magical capacity is low. (-10% MP) [potion of mutation]
  4890 | D:6      | Gained mutation: Your flesh is heat resistant. (rF+) [potion of mutation]
  4908 | D:6      | Noticed Edmund
  4916 | D:6      | Killed Edmund
  4916 | D:6      | Reached XP level 9. HP: 83/83 MP: 7/7
  4963 | D:6      | Reached skill level 11 in Axes
  5437 | D:7      | Found Iclil's General Store.
  5456 | D:7      | Bought a scroll of immolation for 49 gold pieces
  5456 | D:7      | Bought a potion of curing for 42 gold pieces
  5456 | D:7      | Bought a scroll of teleportation for 42 gold pieces
  5522 | D:7      | Noticed RedPan's ghost (novice DsGl)
  5535 | D:7      | Killed RedPan's ghost
  5569 | D:7      | Found a stormy altar of Qazlal.
  5571 | D:7      | Found a hide-covered altar of Uskayaw.
  5574 | D:7      | Found a hazy altar of Hepliaklqana.
  5652 | D:7      | Found a staircase to the Ecumenical Temple.
  5709 | D:7      | Reached skill level 12 in Axes
  5991 | D:8      | Reached XP level 10. HP: 92/93 MP: 8/8
  6029 | D:8      | Found a burning altar of Makhleb.
  6132 | D:8      | Reached ***** piety under Trog
  6233 | D:8      | Noticed Pikel
  6246 | D:8      | Killed Pikel
  6246 | D:8      | Reached skill level 13 in Axes
  6387 | D:8      | Received a gift from Trog
  6553 | D:8      | Found an ancient bone altar of Kikubaaqudgha.
  6869 | D:9      | Found a sacrificial altar of Ru.
  6898 | D:9      | Found a sacrificial altar of Ru.
  6964 | D:9      | Reached skill level 10 in Fighting
  7016 | D:9      | Reached skill level 10 in Armour
  7194 | D:9      | Reached skill level 14 in Axes
  7196 | D:9      | Found Idynkuor's General Store.
  7205 | D:9      | Bought an uncursed ring of poison resistance for 320 gold pieces
  7241 | D:9      | Found Cekkox's Weapon Shop.
  7405 | D:9      | Found Qatipp's Assorted Antiques.
  7487 | D:10     | Entered Level 10 of the Dungeon
  7546 | D:10     | Found a staircase to the Orcish Mines.
  7621 | D:10     | Reached XP level 11. HP: 96/104 MP: 2/8
  7751 | D:10     | Noticed a hill giant
  7760 | D:10     | Killed a hill giant
  7768 | D:10     | Received a gift from Trog
  7815 | D:10     | Identified the Almanac of the Four Ships
  7926 | D:10     | Noticed a hill giant
  7934 | D:10     | Killed a hill giant
  8205 | Orc:1    | Entered Level 1 of the Orcish Mines
  8207 | Orc:1    | Found a roughly hewn altar of Beogh.
  8209 | Orc:1    | Noticed an orc knight
  8209 | Orc:1    | Noticed an orc sorcerer
  8217 | Orc:1    | Killed an orc sorcerer
  8217 | Orc:1    | Reached skill level 15 in Axes
  8221 | Orc:1    | Killed an orc knight
  8296 | Orc:1    | Found Dul Gox's Book Emporium.
  8414 | Orc:2    | Entered Level 2 of the Orcish Mines
  8414 | Orc:2    | Noticed an ettin
  8424 | Orc:2    | Killed an ettin
  8485 | Orc:2    | Noticed an orc warlord
  8485 | Orc:2    | Noticed an orc knight
  8501 | Orc:2    | Killed an orc knight
  8506 | Orc:2    | Killed an orc warlord
  8507 | Orc:2    | Killed from afar by an orc priest

Skill      XL: |  1  2  3  4  5  6  7  8  9 10 11 |
---------------+----------------------------------+-----
Fighting       | 4 5 6 7 9 10 11 | 11.7
Axes           | 5 6 7 8 10 12 14 15 | 15.8
Armour         | 3 4 5 7 9 10 11 | 11.6
Dodging        | |  2.1

Action                   |  1- 3 |  4- 6 |  7- 9 | 10-12 || total
-------------------------+-------+-------+-------+-------++-------
Melee: Hand axe          |    34 |   114 |     6 |       ||   154
       Headbutt          |     4 |    13 |    60 |    52 ||   129
       War axe           |       |       |   255 |    65 ||   320
       Battleaxe         |       |       |       |   218 ||   218
Invok: Berserk           |     1 |     3 |     5 |     4 ||    13
       Trog's Hand       |       |     1 |       |       ||     1
  Use: Potion            |       |     1 |     2 |       ||     3
       Scroll            |       |       |       |     5 ||     5
  Eat: Bread ration      |       |     1 |       |       ||     1
       Chunk             |       |     3 |    16 |     9 ||    28
       Royal jelly       |       |       |     1 |       ||     1
       Pizza             |       |       |       |     1 ||     1
Armor: Animal skin       |     5 |     7 |       |       ||    12
       Skin              |       |    30 |       |       ||    30
       Scale mail        |       |    20 |    56 |       ||    76
       Plate armour      |       |       |    79 |   139 ||   218
Dodge: Dodged            |    30 |    61 |   143 |   123 ||   357
